 Dungeon Crawl Stone Soup version 0.29-a0-241-g20d21d4356 (webtiles) character file.

Game seed: 10781145032589893291

65 GordonOverkill the Shooter (level 3, 0/20 HPs)
             Began as a Deep Elf Hunter on Mar 4, 2022.
             Was a Believer of Jiyva.
             Slain by an iguana (11 damage)
             ... on level 3 of the Dungeon.
             The game lasted 00:03:24 (1701 turns).

GordonOverkill the Shooter (Deep Elf Hunter)        Turns: 1701, Time: 00:03:25

Health: 0/20       AC:  3    Str: 11    XL:     3   Next: 92%
Magic:  5/5        EV: 12    Int: 15    God:    Jiyva [**....]
Gold:   79         SH:  0    Dex: 15    Spells: 2/2 levels left

rFire   . . .      SeeInvis .   a - +1 shortbow (vorpal)
rCold   . . .      Faith    .   (shield currently unavailable)
rNeg    . . .      Spirit   .   b - +0 leather armour
rPois   .          Reflect  .   (no helmet)
rElec   .          Harm     .   (no cloak)
rCorr   +          Rampage  .   (no gloves)
Will    .....                   (no boots)
Stlth   ++........              (no amulet)
HPRegen 1.02/turn               (no ring)
MPRegen 0.39/turn               (no ring)

@: no status effects
A: no striking features
a: Renounce Religion


You were on level 3 of the Dungeon.
You worshipped Jiyva.
Jiyva was pleased with you.
You visited 1 branch of the dungeon, and saw 3 of its levels.

You collected 79 gold pieces.

Inventory:

Hand Weapons
 a - a +1 vorpal shortbow (weapon)
Armour
 b - a +0 leather armour (worn)
Jewellery
 m - an amulet of guardian spirit
 n - a ring of ice
Potions
 c - 5 potions of haste {unknown}
 d - 2 potions of invisibility {unknown}
 e - a potion of curing {unknown}
 g - a potion of attraction {unknown}
 h - a potion of brilliance {unknown}
 i - a potion of degeneration {unknown}
 j - a potion of might {unknown}


   Skills:
 - Level 1.5 Fighting
 + Level 7.4 Bows
 - Level 2.4 Dodging
 - Level 1.2 Stealth


You had 2 spell levels left.
You didn't know any spells.
Your spell library was empty.

Dungeon Overview and Level Annotations

Branches:
Dungeon (3/15)

Altars:
Jiyva


Message History

The iguana hisses angrily.
The iguana is moderately wounded.
You shoot an arrow. The arrow barely misses the iguana.
You shoot an arrow. The arrow hits the iguana.
The iguana is heavily wounded.
You shoot an arrow.
The arrow hits the iguana but does no damage.
The iguana is heavily wounded.
You shoot an arrow. The arrow closely misses the iguana.
You shoot an arrow. The arrow hits the iguana.
The iguana is severely wounded.
The iguana bites you. The iguana bites you!
* * * LOW HITPOINT WARNING * * *
You are too injured to fight recklessly!
You are too injured to fight recklessly!
You are too injured to fight recklessly!
Shoot: a) +1 shortbow (vorpal)
Press: ? - help, Q - select action Shift-Dir - straight line, f/p - iguana
Aim: an iguana (severely wounded, 66% to hit)
You shoot an arrow. The arrow hits the iguana.
The iguana is almost dead.
The iguana closely misses you.
Shoot: a) +1 shortbow (vorpal)
Press: ? - help, Q - select action Shift-Dir - straight line, f/p - iguana
Aim: an iguana (almost dead, 66% to hit)
You shoot an arrow. The arrow closely misses the iguana.
The iguana closely misses you.
Shoot: a) +1 shortbow (vorpal)
Press: ? - help, Q - select action Shift-Dir - straight line, f/p - iguana
Aim: an iguana (almost dead, 66% to hit)
You shoot an arrow. The arrow barely misses the iguana.
The iguana bites you.
* * * LOW HITPOINT WARNING * * *
Shoot: a) +1 shortbow (vorpal)
Press: ? - help, Q - select action Shift-Dir - straight line, f/p - iguana
Aim: an iguana (almost dead, 66% to hit)
You shoot an arrow. The arrow barely misses the iguana.
The iguana bites you!
Ouch! That really hurt!
You die... ## .# .# .# .# .################## ................@.# .################l# .# .# .. $# .# .# .# .# .# .. . #.

You could see an iguana.

Vanquished Creatures
  2 worms
  2 dart slugs (D:1)
  7 ball pythons
  7 endoplasms (D:1)
  2 giant cockroaches (D:1)
  3 hobgoblins
  4 jackals
  6 kobolds
  2 quokkas (D:1)
  2 bats (D:1)
  2 frilled lizards (D:1)
  6 goblins
  8 rats
53 creatures vanquished.

Vanquished Creatures (others)
  A dart slug (D:2)
  An endoplasm (D:3)
  An orc (D:3)
  2 jackals (D:2)
  A kobold (D:2)
  A frilled lizard (D:2)
  2 rats
9 creatures vanquished.

Grand Total: 62 creatures vanquished

Notes
Turn   | Place    | Note
-------+----------+-------------------------------------------
     0 | D:1      | GordonOverkill the Deep Elf Hunter began the quest for the
                  | Orb.
     0 | D:1      | Reached XP level 1. HP: 12/12 MP: 3/3
    64 | D:1      | Reached skill level 6 in Bows
    64 | D:1      | Reached XP level 2. HP: 16/16 MP: 4/4
   307 | D:1      | Reached XP level 3. HP: 20/20 MP: 5/5
   700 | D:1      | Found a faded altar of an unknown god.
   709 | D:1      | Prayed at the altar of an unknown god.
   709 | D:1      | Became a worshipper of Jiyva Jeunt the Shapeless
   709 | D:1      | Reached * piety under Jiyva
  1037 | D:2      | Reached skill level 7 in Bows
  1254 | D:2      | Reached ** piety under Jiyva
  1701 | D:3      | Slain by an iguana

Illustrated notes

Levels and vault maps discovered:
D:1:      dpeg_arrival_stonehenge_12_columns, layout_basic,
          hellmonk_ecumenical_altar_run_dry
D:2:      layout_loops_ring, minmay_misc_feat_rugged
D:3:      layout_loops_ring, amcnicky_altar_gilded, portal_sewer_entry_c,
          minivault_19, minmay_close_crescents

Skill      XL: |  1  2  3 |
---------------+----------+-----
Bows           | 6 7 |  7.4
Fighting       | |  1.5
Dodging        | |  2.4
Stealth        | |  1.2

Action                   || total
-------------------------++-------
 Fire: Shortbow          ||   117
  Use: Scroll            ||     4
Armor: Leather armour    ||     1
Dodge: Dodged            ||    10

Table legend: (Time is in decaauts)
 A = Elapsed time spent in this place.
 B = Non-inter-level travel time spent in this place.
 C = Inter-level travel time spent in this place.
 D = Time resting spent in this place.
 E = Time spent auto-exploring this place.
 F = Levels seen in this place.
 G = Mean time per level.
                   A        B        C        D        E       F      G
               +--------+--------+--------+--------+--------+-----+--------+
         Total |   1725 |   1583 |    142 |      0 |   1150 |   3 |  575.0 |
       Dungeon |   1725 |   1583 |    142 |      0 |   1150 |   3 |  575.0 |
               +--------+--------+--------+--------+--------+-----+--------+

Top non-repeatable levels by time:
     D:1: 970 daAuts
     D:2: 620 daAuts
     D:3: 134 daAuts
